 Dungeon Crawl Stone Soup version 0.24-a0-616-ge2a249a6fd (webtiles) character file.

Game seed: 15468611254993202005, levelgen mode: deterministic

80 Chimkentus the Shield-Bearer (level 4, 0/31 HPs)
             Began as an Octopode Fighter on Sept 14, 2019.
             Slain by an adder (3 damage)
             ... on level 3 of the Dungeon.
             The game lasted 00:08:40 (820 turns).

Chimkentus the Shield-Bearer (Octopode Fighter)      Turns: 820, Time: 00:08:41

Health: 0/31       AC:  3    Str: 20    XL:     4   Next: 39%
Magic:  4/4        EV: 12    Int: 10    God:
Gold:   33         SH:  9    Dex: 12    Spells: 3/3 levels left

rFire    . . .     SeeInvis .   a - +0 war axe
rCold    . . .     Gourm    .   b - +0 shield
rNeg     . . .     Faith    .   (helmet restricted)
rPois    .         Spirit   .   j - amulet of harm
rElec    .         Reflect  .   e - +2 ring of protection
rCorr    .         Harm     +   (no ring)
MR       .....                  (no ring)
Stlth    ++........             (no ring)
HPRegen  0.10/turn              (no ring)
MPRegen  0.09/turn              (no ring)
                                (no ring)
                                (no ring)

@: mighty
A: almost no armour, stealthy swim, amphibious, 8 rings, constrict 8, camouflage
1, gelatinous body 1
a: no special abilities


You were on level 3 of the Dungeon.
You were not hungry.

You visited 1 branch of the dungeon, and saw 3 of its levels.

You collected 33 gold pieces.

Inventory:

Hand Weapons
 a - a +0 war axe (weapon)
 h - a +0 dagger
 i - a +0 short sword of venom
 o - a +0 hunting sling
Missiles
 g - 20 stones (quivered)
Armour
 b - a +0 shield (worn)
Jewellery
 e - a +2 ring of protection (left tentacle)
 j - an amulet of harm (around mantle)
Scrolls
 m - a scroll of identify
Potions
 k - a potion of haste {unknown}
 l - a potion of curing {unknown}
Comestibles
 d - 2 rations
 f - 10 chunks of flesh


   Skills:
 * Level 3.4 Fighting
 + Level 2.6 Axes
 + Level 0.4 Throwing
 * Level 3.5 Dodging
 + Level 0.8 Stealth
 * Level 3.7 Shields


You had 3 spell levels left.
You didn't know any spells.
Your spell library was empty.

Dungeon Overview and Level Annotations

Branches:
Dungeon (3/15)

Altars:
Elyvilon


Innate Abilities, Weirdness & Mutations

You cannot wear most types of armour.
You are very stealthy in the water. (Stealth+)
You are amphibious.
You can wear up to eight rings at the same time.
You can use your tentacles to constrict eight enemies at once.
Your skin changes colour to match your surroundings (Stealth+).
Your rubbery body absorbs attacks. (AC +1, EV +1)


Message History

You constrict the gnoll.
You kill the gnoll!
The gnoll hits you from afar with a cursed -3 spear!
* * * LOW HITPOINT WARNING * * *
The adder barely misses you. You block the gnoll's attack.
Okay, then.
You block the adder's attack.
There is a stone staircase leading down here.
You block the adder's attack.
You climb downwards.
There is a stone staircase leading up here.
You feel very mighty all of a sudden. You block the adder's attack.
The adder bites you.
* * * LOW HITPOINT WARNING * * *
You barely miss the adder. Your grab misses the adder.
Your squeeze misses the adder. The adder bites you but does no damage.
The adder completely misses you.
You closely miss the adder. You grab the adder. You constrict the adder.
The adder bites you.
You die...

### ..#
###.#
#####.#.#
#.......#
+......@#
#.....S##
##.##.#
##


You could see an adder.

Vanquished Creatures
  2 gnolls (D:2)
  2 adders (D:2)
  A dart slug (D:1)
  2 leopard geckos (D:1)
  A giant cockroach (D:2)
  5 goblins (D:1)
  6 hobgoblins
  5 bats
  4 frilled lizards
  8 kobolds (D:1)
  5 rats
41 creatures vanquished.

Notes
Turn   | Place    | Note
-------+----------+-------------------------------------------
     0 | D:1      | Chimkentus the Octopode Fighter began the quest for the
                  | Orb.
     0 | D:1      | Reached XP level 1. HP: 16/16 MP: 1/1
   145 | D:1      | Reached XP level 2. HP: 17/21 MP: 2/2
   371 | D:1      | Reached XP level 3. HP: 26/26 MP: 3/3
   732 | D:2      | Found a white marble altar of Elyvilon.
   737 | D:2      | Reached XP level 4. HP: 28/31 MP: 4/4
   820 | D:3      | Slain by an adder

Levels and vault maps discovered:
D:1:      tarquinn_simple_flora_water_e, layout_basic, minmay_pentomino_p2
D:2:      layout_basic, lemuel_round_altar, lemuel_round_altar,
          lemuel_round_altar, first_ration, kennysheep_generic_room_9,
          uniq_terence
D:3:      layout_loops_corners, lemuel_blue_sif_altar,
          okawaru_metal_pillars_1_2, uniq_sigmund, uniq_ijyb, uniq_grinder,
          uniq_jessica

Action                   |  1- 3 |  4- 6 || total
-------------------------+-------+-------++-------
Melee: War axe           |    56 |    14 ||    70
       Constrict         |     9 |     4 ||    13
       Tentacles         |     5 |     1 ||     6
Throw: Stone             |    23 |       ||    23
  Use: Potion            |     1 |     1 ||     2
       Scroll            |     1 |     1 ||     2
 Stab: Sleeping          |     5 |       ||     5
Armor: Skin              |     7 |     7 ||    14
Dodge: Dodged            |    20 |     8 ||    28
Block: Shield            |    26 |    13 ||    39

Table legend:
 A = Non-vault XP
 B = Vault XP
 C = Vault XP percentage of total XP
 D = Non-vault monster count
 E = Vault monster count
 F = Vault count percentage of total count
                 A         B        C        D         E       F
            +---------+---------+-------+---------+---------+-------
      Total |      97 |      18 |  15.7 |      37 |       4 |   9.8
            +---------+---------+-------+---------+---------+-------
        D:1 |      42 |       3 |   6.7 |      26 |       2 |   7.1
        D:2 |      55 |      15 |  21.4 |      11 |       2 |  15.4
            +---------+---------+-------+---------+---------+-------
